 Dungeon Crawl Stone Soup version 0.21-a0-221-gfe971b9 (webtiles) character file.

4 tidbits the Insei (level 1, 0/15 HPs)
             Began as a Demigod Transmuter on Aug 27, 2017.
             Slain by an ooze (3 damage)
             ... on level 1 of the Dungeon.
             The game lasted 00:00:45 (80 turns).

tidbits the Insei (Demigod Transmuter)                Turns: 80, Time: 00:00:46

Health: 0/15       AC:  2    Str: 13    XL:     1   Next: 40%
Magic:  4/5        EV: 12    Int: 17    God:
Gold:   0          SH:  0    Dex: 16    Spells: 3/4 levels left

rFire    . . .     SeeInvis .     - Unarmed
rCold    . . .     Gourm    .   (no shield)
rNeg     . . .     Faith    .   B - +0 robe (curse)
rPois    .         Spirit   .   (no helmet)
rElec    .         Reflect  .   (no cloak)
rCorr    +         Harm     .   (no gloves)
MR       .....                  (no boots)
Stlth    +.........             (no amulet)
HPRegen  0.05/turn              K - ring of resist corrosion
MPRegen  0.09/turn              (no ring)

@: appendage (expiring)
A: horns 2, high mp 1
a: End Transformation


You were on level 1 of the Dungeon.
You were not hungry.
You had grown temporary horns.
You visited 1 branch of the dungeon, and saw 1 of its levels.

Inventory:

Missiles
 a - 12 arrows
Armour
 b - a +0 robe
 B - a cursed +0 robe (worn)
Jewellery
 K - a ring of resist corrosion (left hand)
   (You found it on level 1 of the Dungeon)
Potions
 e - a potion of lignification {unknown}
Books
 c - a book of Changes

   Spells                             Type                      Level
   a - Beastly Appendage              Transmutation                1
   b - Sticks to Snakes               Transmutation                2
   c - Spider Form                    Transmutation/Poison         3
   d - Ice Form                       Ice/Transmutation            4
   e - Blade Hands                    Transmutation                5
Comestibles
 d - a bread ration
 f - 2 chunks of flesh


   Skills:
 - Level 0.8 Fighting
 - Level 1.7 Dodging
 + Level 2.8 Unarmed Combat
 - Level 2.0 Spellcasting
 - Level 1.7 Transmutations


You had 3 spell levels left.
You knew the following spells:

 Your Spells              Type           Power        Failure   Level  Hunger
e - Beastly Appendage     Tmut           #.....       10%         1    #......


Dungeon Overview and Level Annotations

Branches:
Dungeon (1/15)


Innate Abilities, Weirdness & Mutations

You have an increased reservoir of magic. (+10% MP)
You have a pair of horns on your head.


Message History

Welcome, tidbits the Demigod Transmuter.
Will you be the one to retrieve the fabulous Orb of Zot from the depths?
Press ? for a list of commands and other information.
Found a staircase leading out of the dungeon.
You open the door.
Found an embroidered robe and an encrusted ivory ring.
There is an open door here.
You see here an embroidered robe.
e - an embroidered robe Wear which item? (? for menu, Esc to quit)
You start removing your armour.
You continue taking off your +0 robe. x4
You finish taking off your +0 robe.
You start putting on your armour.
You continue putting on your embroidered robe. x5
You finish putting on your cursed +0 robe.
Oops, that feels deathly cold.
Adjust (i)tems, (s)pells, or (a)bilities?
Adjust which item? (? for menu, Esc to quit)
e - a cursed +0 robe (worn)
Adjust to which letter? (? for menu, Esc to quit)
B - a cursed +0 robe (worn)
e - an encrusted ivory ring Put on which piece of jewellery? (? for menu, Esc to quit)
e - a ring of resist corrosion (left hand) Adjust (i)tems, (s)pells, or (a)bilities?
Adjust which item? (? for menu, Esc to quit)
e - a ring of resist corrosion (left hand) Adjust to which letter? (? for menu, Esc to quit)
K - a ring of resist corrosion (left hand)
Found a bubbling yellow potion.
e - a bubbling yellow potion You enter the shallow water.
Moving in this stuff is going to be slow.
A jackal comes into view.
A jackal comes into view.
A jackal comes into view.
The jackal barks! x3
The jackal closely misses you. The jackal misses you.
Casting: Beastly Appendage
Confirm with . or Enter, or press ? or * to list all spells.
Your feet morph into talons.
The jackal misses you.
The jackal bites you but does no damage.
You hit the jackal but do no damage. Your kick misses the jackal.
The jackal bites you.
You closely miss the jackal. The jackal bites you.
You closely miss the jackal. The jackal bites you.
* * * LOW HITPOINT WARNING * * *
The jackal bites you but does no damage.
You hit the jackal but do no damage.
Your transformation is almost over.
The jackal bites you.
* * * LOW HITPOINT WARNING * * *
Casting: Beastly Appendage
Confirm with . or Enter, or press ? or * to list all spells.
You extend your transformation's duration.
The jackal misses you.
You hit the jackal.
You kill the jackal!
The jackal bites you but does no damage.
You closely miss the jackal. You claw the jackal.
You kill the jackal!
Your Spellcasting skill increases to level 2!
The jackal misses you.
You barely miss the jackal.
The jackal bites you but does no damage.
You barely miss the jackal. The jackal barely misses you.
The jackal bites you but does no damage.
You hit the jackal.
The jackal is moderately wounded.
The jackal misses you.
You hit the jackal but do no damage. You claw the jackal, but do no damage.
The jackal is moderately wounded.
The jackal closely misses you.
You hit the jackal but do no damage. You claw the jackal.
You kill the jackal!
Your transformation is almost over.
Things that are here:
a jackal corpse x2
Butcher a jackal corpse? [(y)es/(c)hoosy/(n)o/(a)ll/(e)dible/(q)uit/?]
Butcher a jackal corpse? [(y)es/(c)hoosy/(n)o/(a)ll/(e)dible/(q)uit/?]
Okay, then.
You butcher the jackal corpse.
f - 2 chunks of flesh You see here a jackal corpse.
Unknown command.
Your talons disappear.
Magic restored.
An ooze comes into view.
Casting: Beastly Appendage
Confirm with . or Enter, or press ? or * to list all spells.
You grow a pair of large bovine horns.
The ooze quivers.
You completely miss the ooze. The ooze hits you.
* * * LOW HITPOINT WARNING * * *
You hit the ooze. Your headbutt misses the ooze.
The ooze is lightly wounded.
Your transformation is almost over.
The ooze hits you.
You die...

# ## .# . . .# ≈#♣
#..# .# ♣.#♣ #..#
.# .#.#♣#♣♣
#..#####.#
.......#
#..#.....#
.......# #.......#
#####..♣♣#.##.##@#
....#..♣≈#.##.##J#
....#....≈.##.##.#
....#..#.#.##.##.#
<...#...♣♣.##.##.#
....#..♣##.##.##.#
+####..# #.##.##.#
....# #†##.##.#
.....###....#


You could see an ooze.

Vanquished Creatures
  3 jackals (D:1)
3 creatures vanquished.

Notes
Turn   | Place    | Note
-------+----------+-------------------------------------------
     0 | D:1      | tidbits the Demigod Transmuter began the quest for the Orb.
     0 | D:1      | Reached XP level 1. HP: 15/15 MP: 5/5
    56 | D:1      | Reached skill level 2 in Spellcasting
    80 | D:1      | Slain by an ooze

Vault maps used:
D:1:      saegor_arrival_under_anarchy

Skill      XL: |  1 |
---------------+----+-----
Spellcasting   | 2 |  2.0
Fighting       | |  0.8
Dodging        | |  1.7
Unarmed Combat | |  2.8
Transmutations | |  1.7

Action                   || total
-------------------------++-------
Melee: Unarmed           ||    13
       Kick              ||     3
 Cast: Beastly Appendage ||     3
Armor: Robe              ||     5
Dodge: Dodged            ||     8

Table legend:
 A = Spawn XP
 B = Non-spawn XP
 C = Spawn XP percentage of total XP
 D = Spawn monster count
 E = Non-spawn monster count
 F = Spawn count percentage of total count
 G = Total turns spent on level
                    A         B        C        D         E        F      G
               +---------+---------+-------+---------+---------+-------+---------
         Total |       0 |       6 |   0.0 |       0 |       3 |   0.0 |    80
               +---------+---------+-------+---------+---------+-------+---------
           D:1 |       0 |       6 |   0.0 |       0 |       3 |   0.0 |    80
               +---------+---------+-------+---------+---------+-------+---------

Table legend:
 A = Turns spent in this place as a percentage of turns spent in the entire game.
 B = Non-inter-level travel turns spent in this place as a percentage of non-inter-level travel turns spent in the entire game.
 C = Inter-level travel turns spent in this place as a percentage of turns spent in this place.
 D = Turns resting spent in this place as a percentage of non-inter-level travel turns spent in this place.
 E = Turns spent auto-exploring this place as a percentage of non-inter-level travel turns spent in this place.
 F = Non-inter-level travel turns spent in this place divided by the number of levels of this place that you've seen.
                   A       B       C       D       E      F
               +-------+-------+-------+-------+-------+----------------------
         Total | 100.0 | 100.0 |   0.0 |   0.0 |   0.0 |  80.0
       Dungeon | 100.0 | 100.0 |   0.0 |   0.0 |   0.0 |  80.0
               +-------+-------+-------+-------+-------+----------------------

Table legend:
 A = Kills in this place as a percentage of kills in entire the game.
 B = Kills by you in this place as a percentage of kills by you in the entire game.
 C = Kills by friends in this place as a percentage of kills by friends in the entire game.
 D = Other kills in this place as a percentage of other kills in the entire game.
 E = Experience gained in this place as a percentage of experience gained in the entire game.
 F = Experience gained in this place divided by the number of levels of this place that you have seen.
                   A       B       C       D       E      F
               +-------+-------+-------+-------+-------+----------------------
         Total | 100.0 | 100.0 |   N/A |   N/A | 100.0 |   6.0
       Dungeon | 100.0 | 100.0 |   N/A |   N/A | 100.0 |   6.0
               +-------+-------+-------+-------+-------+----------------------

Vault maps used:
D:1:      saegor_arrival_under_anarchy
